Unix NetHack Version 5.0.0-0 post-release - last build May 31 2026 23:59:36 (970b52f25bf058293b47ddfd14a1e40e571c508c,branch:main).

Game began 2026-06-06 19:09:55, ended 2026-06-08 13:28:15.

Anarchos, lawful female dwarven Valkyrie

                                     ---- --               ----
                            ---      -..--.--              |..---
         ----            ----.----    ..*...|            ---....|
         |..--   -.      |.......--  -......|            |....|.---    ------
 -       |...-- -..       -.......| --......|      ----  |.---|...|   --....|
 |.-    --....--..        |.......---.....-       --..| --.|  ---.|   |.....|
 |..- ---......|.-   ------.............-         |.`.| |..|    |.----|.--..|
  -..--..........-----..--.............-----     --...--|.------|....||.|----
   -.......................................-------.....--.---...|---.||.|
   |......---...--.-----................--............%.........|  |.||.|
   --.....----...^..|  |.................----------......---..---  |.--.--
    |......| |.()...----..--.--.---.......|      |...`...---..|    |.....|----
    ----...---...........----------......--      --......)....---  ----..||..|
       |.>.*|..........---     --........---      |........)...)---   -----.<--
       |................-      |...........|      |...---..)).....--------....|
       --............`...-    --........*..----   ----- -----......--..--....--
        ---................   |...--......)u%.|             --...........)..-|
         |.........--......|  |..--|.........[|              ----............|
         |.....--..| -...---  ---- --.--....---                 --...........|
         ---.------- --.--          ---|..---                    ---.----.|.--
           ---         --              ----                        ---  -----
Anarchos the Fighter        St:16 Dx:16 Co:20 In:7 Wi:10 Ch:8  Lawful
Dlvl:8  $:172 HP:0(78) Pw:22(22) AC:-3 Xp:6 T:5032  Burdened Blind Ride

Latest messages:
 You hit the wererat.
 The wererat misses the saddled warhorse.
 The saddled warhorse hits the wererat.
 The wererat is killed!
 The ogre wields a club!
 The gnome mummy hits!
 The giant spider bites!
 The hill orc hits the saddled warhorse.
 The saddled warhorse hits the hill orc.
 The hill orc is killed!
 The giant spider misses!
 The gnome mummy misses!
 The giant spider just misses!
 The coyote misses!
 The giant spider bites the saddled warhorse.
 The saddled warhorse misses the giant spider.
 The saddled warhorse bites the giant spider.
 You kill the gecko!
 The coyote just misses!
 The gnome mummy hits!
 The giant spider just misses!
 You kill the cave spider!
 The coyote bites!
 The gnome mummy hits!
 The giant spider bites!
 You miss the ogre.
 The coyote bites!
 The ogre swings his club.
 The ogre misses!
 The gnome mummy misses!
 The giant spider bites!
 The saddled warhorse drops a faded pall.
 You hit the ogre!
 You hit the ogre!
 The coyote misses the saddled warhorse.
 The saddled warhorse hits the coyote.
 The coyote is killed!
 The ogre wields a club!
 The ogre swings his club.
 The ogre hits!
 The gnome mummy misses!
 The giant spider bites!
 What do you want to read? [lnquwxJ or ?*] ?
 A cloud of darkness falls upon you.
 The spellbook crumbles to dust!
 Call a shining spellbook: 
 It hits!
 You die...
 Do you want your possessions identified? [ynq] (y) y
 Do you want to see your attributes? [ynq] (y) q

Inventory:
 Coins    ('$')
  $ - 172 gold pieces
 Amulets  ('"')
  D - an uncursed amulet of ESP
 Weapons  (')')
  b - 2 +0 daggers (at the ready)
  a - a rusty corroded +1 dwarvish spear
  S - a +1 long sword (weapon in left hand)
 Armor    ('[')
  L - an uncursed +0 dwarvish iron helm
  X - an uncursed +0 orcish helm (being worn)
  M - an uncursed +0 pair of iron shoes
  Z - an uncursed +0 pair of iron shoes
  v - a cursed +0 pair of iron shoes
  R - an uncursed +0 dwarvish roundshield
  c - an uncursed very burnt +3 small shield (being worn)
  W - an uncursed +0 dwarvish cloak
  e - an uncursed +0 dwarvish mithril-coat
  Q - a blessed rotproof +0 gray dragon scale mail (being worn)
 Comestibles  ('%')
  d - an uncursed food ration
  h - 2 uncursed lichen corpses
  r - an uncursed lizard corpse
 Scrolls  ('?')
  J - an uncursed scroll of confuse monster
  n - 2 uncursed scrolls of destroy armor
  w - a cursed scroll of light
 Spellbooks  ('+')
  l - an uncursed spellbook of confuse monster
  x - an uncursed spellbook of create monster
  q - a blessed spellbook of fireball
 Potions  ('!')
  m - an uncursed potion of blindness
  U - an uncursed potion of levitation
  s - an uncursed potion of monster detection
  f - an uncursed potion of speed
  t - an uncursed potion of water
 Wands    ('/')
  F - a wand of magic missile (0:5)
  z - a wand of nothing (0:8)
  y - a wand of opening (0:6)
  p - a blessed wand of slow monster (0:7)
 Tools    ('(')
  C - a bag of tricks (0:0)
  H - an uncursed bugle
  I - an uncursed blindfold
  N - an uncursed brass lantern
  B - an uncursed credit card
  k - a magic marker (0:92)
  o - an uncursed mirror
  K - an uncursed mirror
  A - a blessed oil lamp
  Y - a +0 pick-axe
  O - an uncursed skeleton key
  T - a cursed tin whistle
  G - an uncursed towel
 Gems/Stones  ('*')
  E - 2 uncursed diamonds
  P - an uncursed worthless piece of white glass
  V - a cursed touchstone

Anarchos the Valkyrie's attributes:

Background:
 You were a Fighter, a level 6 dwarven Valkyrie.
 You were lawful, on a mission for Tyr
 who was opposed by Odin (neutral) and Loki (chaotic).
 You were left-handed.
 You were in the Gnomish Mines, on level 8.
 You entered the dungeon 5032 turns ago.
 You had 639 experience points, 1 more was needed to attain level 7.

Basics:
 You had 0 out of 78 hit points.
 You had all 22 energy points (spell power).
 Your armor class was -3.
 Your wallet contained 172 zorkmids.
 Autopickup was on for all types.

Final Characteristics:
 Your strength was 16 (limit:18/100).
 Your dexterity was 16 (limit:20).
 Your constitution was 20 (limit:20).
 Your intelligence was 7 (limit:16).
 Your wisdom was 10 (limit:16).
 Your charisma was 8 (limit:16).

Final Status:
 You were riding your warhorse.
 You were temporarily blind.
 You weren't hungry.
 You were burdened; movement was slightly slowed.
 You were wielding a long sword.
 You were unskilled in long sword and could have enhanced that.

Final Attributes:
 You were piously aligned.
 You were magic-protected.
 You were cold resistant.
 You had infravision.
 You would have been stealthy if not mounted.
 You were fast.
 You are dead.

Miscellaneous:
 You encountered 1 bones level.
 Total elapsed playing time was 2 hours, 53 minutes and 29 seconds.

Major events:
 Turn
    1: Anarchos the lawful dwarven Valkyrie entered the dungeon
  587: attained the rank of Skirmisher (level 3)
 2429: entered the Gnomish Mines
 3012: reached Mine Town
 3029: made her first wish - "blessed fixed +4 gray dragon scale mail", got "a gray dragon scale mail"
 3330: attained the rank of Fighter (level 6)
 5032: killed by an ogre, while reading a book

Spells:
 Name                 Level Category     Fail Retention
 confuse monster        1   enchantment   84%  76%-100%

Skills:
 Fighting Skills
   bare handed combat [Unskilled]
   two weapon combat  [Unskilled]
   riding             [Unskilled]
 Weapon Skills
   dagger             [Basic]
   axe                [Unskilled]
   pick-axe           [Unskilled]
   short sword        [Unskilled]
   broadsword         [Unskilled]
   long sword         [Unskilled]
   two-handed sword   [Unskilled]
   saber              [Unskilled]
   hammer             [Unskilled]
   quarterstaff       [Unskilled]
   polearms           [Unskilled]
   spear              [Skilled]
   trident            [Unskilled]
   lance              [Unskilled]
   sling              [Unskilled]
 Spellcasting Skills
   attack spells      [Unskilled]
   escape spells      [Unskilled]

Voluntary challenges:
 Character rerolling was not enabled.
 You never genocided any monsters.
 You never polymorphed an object.
 You never changed form.
 You used 1 wish.
 You did not wish for any artifacts.
Achievements:
 You attained the rank of Skirmisher.
 You entered a shop.
 You entered the Gnomish Mines.
 You entered Minetown.
 You entered a temple.
 You attained the rank of Fighter.

 The Dungeons of Doom: levels 1 to 4
    Level 1:
    Level 2:
       A tool shop, a fountain.
       Stairs down to The Gnomish Mines.
    Level 3:
    Level 4:
 The Gnomish Mines: levels 3 to 9
    Level 3:
    Level 4:
    Level 5:
       Many shops, a temple and an altar, some fountains.
    Level 6:
       Final resting place for
          Drastanta-Kni-Hum-Mal-Law, burned by a tower of flame.
    Level 7:
    Level 8: <- You were here.
       Final resting place for
          you, killed by an ogre, while reading a book.
    Level 9:


Vanquished creatures:
  a ghost
  a large mimic
  3 small mimics
  a crocodile
  a Green-elf
  a lizard
  a dwarf leader
  a Woodland-elf
  3 fire ants
  a wood nymph
 an orc shaman
  2 rock piercers
  a yellow light
  a shrieker
  3 gnome leaders
  a gnomish wizard
  2 giant ants
  a floating eye
  a dwarf
  2 homunculi
  8 hill orcs
  a rabid rat
 an orc zombie
  2 wererats
  5 iguanas
 an acid blob
  3 coyotes
  2 gas spores
  2 manes
  3 giant rats
  3 cave spiders
  a yellow mold
  a red mold
 19 gnomes
  2 garter snakes
  4 geckos
  4 jackals
  3 kobolds
  a goblin
  7 sewer rats
  5 grid bugs
  2 bats
  5 lichens
  a kobold zombie
  7 newts
122 creatures vanquished.

No species were genocided or became extinct.

Game over:
                       ----------
                      /          \
                     /    REST    \
                    /      IN      \
                   /     PEACE      \
                  /                  \
                  |     Anarchos     |
                  |      172 Au      |
                  |   killed by an   |
                  |       ogre       |
                  |                  |
                  |                  |
                  |       2026       |
                 *|     *  *  *      | *
        _________)/\\_//(\/(/\)/\//\/|_)_______

Farvel Anarchos the Valkyrie...

You died in The Gnomish Mines on dungeon level 8 with 3125 points,
and 172 pieces of gold, after 5032 moves.
You were level 6 with a maximum of 78 hit points when you died.

